 Dungeon Crawl Stone Soup version 0.23.2 (webtiles) character file.

Game seed: 0

1141 MartialLaw the Spear-Bearer (level 8, -4/70 HPs)
             Began as a Hill Orc Berserker on Mar 14, 2019.
             Was a Priest of Trog.
             Slain by a sky beast (6 damage)
             ... on level 4 of the Dungeon on Mar 31, 2019.
             The game lasted 00:18:28 (6476 turns).

MartialLaw the Spear-Bearer (Hill Orc Berserker)    Turns: 6476, Time: 00:18:30

Health: -4/70      AC:  6    Str: 22      XL:     8   Next: 37%
Magic:  8/8        EV: 13    Int:  7      God:    Trog [***...]
Gold:   124        SH:  0    Dex:  8 (10) Spells: 7/7 levels left

rFire    + . .     SeeInvis .   a - +0 spear
rCold    . . .     Gourm    .   (no shield)
rNeg     . . .     Faith    .   b - +0 animal skin
rPois    .         Spirit   .   (no helmet)
rElec    .         Reflect  .   l - +0 cloak
rCorr    .         Harm     .   h - +2 pair of gloves
MR       .....                  (no boots)
Stlth    ++........             f - amulet of magic regeneration
HPRegen  0.21/turn              q - ring of protection from fire
MPRegen  0.36/turn              (no ring)

@: berserk cooldown, slowed, very slow
A: no striking features
a: Berserk, Trog's Hand, Renounce Religion


You were on level 4 of the Dungeon.
You worshipped Trog.
Trog was most pleased with you.
You were near starving.

You visited 1 branch of the dungeon, and saw 5 of its levels.

You collected 124 gold pieces.

Inventory:

Hand Weapons
 a - a +0 spear (weapon)
Armour
 b - a +0 animal skin (worn)
 h - a +2 pair of gloves (worn)
 l - a +0 cloak (worn)
Jewellery
 f - an amulet of magic regeneration (around neck)
 g - a cursed amulet of inaccuracy {unknown}
 q - a ring of protection from fire (left hand)
Wands
 i - a wand of random effects (20)
 s - a wand of paralysis (9)
Scrolls
 d - 2 scrolls of enchant weapon {unknown}
 e - 5 scrolls of identify {unknown}
 r - a scroll of fog {unknown}
 t - 2 scrolls of remove curse
 u - a scroll of random uselessness {unknown}
 w - a scroll of magic mapping
 x - a scroll of teleportation
Potions
 k - a potion of degeneration
 m - a potion of curing
 n - a potion of invisibility {unknown}
 o - a potion of cancellation {unknown}
 p - a potion of resistance {unknown}
 v - a potion of flight {unknown}
Comestibles
 c - 11 rations


   Skills:
 + Level 6.2 Fighting
 + Level 8.1 Polearms
 + Level 2.5 Armour
 + Level 4.0 Dodging
 + Level 2.2 Stealth


You had 7 spell levels left.
You didn't know any spells.
Your spell library was empty.

Dungeon Overview and Level Annotations

Branches:
Dungeon (5/15)
 Temple: D:4-7

Altars:
Cheibriados
Gozag
Hepliaklqana
Qazlal
Uskayaw

Annotations:
D:5 Prince Ribbit


Message History

You hit the sky beast but do no damage. The sky beast closely misses you.
The sky beast hits you.
* * * LOW HITPOINT WARNING * * *
The sky beast shocks you.
* * * LOW HITPOINT WARNING * * *
You hit the sky beast.
The sky beast is lightly wounded.
The sky beast flickers out of sight!
Deactivating autopickup; reactivate with Ctrl-A.
Something hits you but does no damage.
You hit something. Something barely misses you.
You miss something. Something hits you but does no damage.
You closely miss something. Something hits you.
* * * LOW HITPOINT WARNING * * *
Something shocks you.
* * * LOW HITPOINT WARNING * * *
You hit something but do no damage. Something hits you.
* * * LOW HITPOINT WARNING * * *
Something shocks you.
You die...

#.....#######.#####
#######.....### #.##≈≈≈
#.............# #.##≈..
#.#####.....#.# #.##≈.≈ #.#
#.....#.# ##.##≈.. #.#
#.......# #.#.#≈.. ###.###
#.#.###.# #...#≈..
#.....###.#{###.####..##≈..
####.###.##..@............#≈≈≈
#....# #.....#..##.......#####
#.##.###.###.#..##.#####.# #
#.##................)....# #
#(...........#####.#######
#......<###..# #.#
##....#......# #.#
#......###.## #.# #......###.#
#.#


There were no monsters in sight!

Vanquished Creatures
  A hippogriff (D:4)
  Edmund (D:5)
  An ogre (D:4)
  A centaur (D:5)
  A bullfrog (D:4)
  3 scorpions (D:4)
  A bullfrog zombie (D:5)
  2 jellies (D:4)
  An orc priest (D:5)
  A bullfrog skeleton (D:3)
  A centaur skeleton (D:4)
  A worker ant (D:5)
  Robin (D:4)
  2 gnolls
  8 adders
  A shadow imp (D:5)
  9 oozes (D:4)
  4 worms
  2 dart slugs (D:1)
  7 leopard geckos
  7 orcs
  10 bats
  8 giant cockroaches
  15 goblins
  8 hobgoblins
  8 jackals
  13 kobolds
  A quokka (D:2)
  2 ball pythons
  6 frilled lizards
  A leopard gecko zombie (D:5)
  20 rats
148 creatures vanquished.

Vanquished Creatures (others)
  A fungus (D:4)
  5 toadstools (D:4)
6 creatures vanquished.

Grand Total: 154 creatures vanquished

Notes
Turn   | Place    | Note
-------+----------+-------------------------------------------
     0 | D:1      | MartialLaw the Hill Orc Berserker began the quest for the
                  | Orb.
     0 | D:1      | Reached XP level 1. HP: 19/19 MP: 1/1
    21 | D:1      | Reached XP level 2. HP: 16/27 MP: 2/2
   656 | D:1      | Reached XP level 3. HP: 33/33 MP: 3/3
  1144 | D:1      | Reached skill level 4 in Polearms
  1422 | D:2      | Reached ** piety under Trog
  1479 | D:2      | Reached XP level 4. HP: 40/40 MP: 4/4
  2174 | D:2      | Reached XP level 5. HP: 45/47 MP: 5/5
  2984 | D:3      | Reached skill level 5 in Polearms
  3171 | D:3      | Reached *** piety under Trog
  4172 | D:4      | Reached XP level 6. HP: 55/55 MP: 6/6
  4178 | D:4      | Reached skill level 1 in Stealth
  4224 | D:4      | Reached skill level 5 in Fighting
  4313 | D:4      | Noticed a hippogriff
  4314 | D:4      | Noticed Robin
  4324 | D:4      | Killed a hippogriff
  4324 | D:4      | Reached skill level 6 in Polearms
  4324 | D:4      | Reached XP level 7. HP: 43/61 MP: 7/7
  4350 | D:4      | Killed Robin
  4902 | D:4      | Received a gift from Trog
  5195 | D:4      | Reached skill level 7 in Polearms
  5465 | D:4      | Found an opulent altar of Gozag.
  5469 | D:4      | Found a stormy altar of Qazlal.
  5469 | D:4      | Found a hazy altar of Hepliaklqana.
  5482 | D:4      | Found a hide-covered altar of Uskayaw.
  5486 | D:4      | Found a snail-covered altar of Cheibriados.
  5819 | D:5      | Entered Level 5 of the Dungeon
  5835 | D:4      | Reached XP level 8. HP: 40/70 MP: 8/8
  5846 | D:4      | Upgraded the game from 0.23.1 to 0.23.2
  6417 | D:5      | Noticed Edmund
  6435 | D:5      | Killed Edmund
  6435 | D:5      | Reached skill level 8 in Polearms
  6445 | D:5      | Noticed Prince Ribbit
  6476 | D:4      | HP: 2/70 [something (2)]
  6476 | D:4      | Slain by a sky beast

Skill      XL: |  1  2  3  4  5  6  7  8 |
---------------+-------------------------+-----
Fighting       | 4 5 6 |  6.2
Polearms       | 4 5 6 7 8 |  8.1
Dodging        | 2 3 4 |  4.0
Stealth        | 1 2 |  2.2
Armour         | |  2.5

Action                   |  1- 3 |  4- 6 |  7- 9 || total
-------------------------+-------+-------+-------++-------
Melee: Spear             |   129 |   282 |   199 ||   610
Invok: Berserk           |     3 |     6 |     3 ||    12
  Use: Scroll            |     3 |       |       ||     3
       Potion            |       |       |     6 ||     6
 Stab: Sleeping          |     1 |     4 |     1 ||     6
  Eat: Chunk             |     5 |    12 |     7 ||    24
       Ration            |       |     1 |       ||     1
Armor: Animal skin       |    26 |    53 |    38 ||   117
Dodge: Dodged            |    61 |   143 |    92 ||   296
